 Dungeon Crawl Stone Soup version 0.28.0-62-gf88900778d (webtiles) character file.

Game seed: 16977178219938874096

91 cbfl8 the Sneak (level 4, 0/26 HPs)
             Began as a Kobold Brigand on Apr 10, 2024.
             Killed by divine providence
             ... invoked by an orc priest
              (12 damage)
             ... on level 3 of the Dungeon.
             The game lasted 00:05:44 (3047 turns).

cbfl8 the Sneak (Kobold Brigand)                    Turns: 3047, Time: 00:05:45

Health: 0/26       AC:  6    Str: 16    XL:     4   Next: 88%
Magic:  4/4        EV: 13    Int: 12    God:
Gold:   140        SH:  0    Dex: 16    Spells: 3/3 levels left

rFire   . . .      SeeInvis .   o - +0 rapier
rCold   . . .      Faith    .   (no shield)
rNeg    . . .      Spirit   .   h - +0 ring mail
rPois   .          Reflect  .   (no helmet)
rElec   .          Harm     .   c - +0 cloak
rCorr   .          Rampage  .   (no gloves)
Will    .....                   (no boots)
Stlth   ++++......              (no amulet)
HPRegen 0.08/turn               n - +6 ring of strength
MPRegen 0.09/turn               (no ring)

@: no status effects
A: small, no large weapons, nightstalker 3
a: no special abilities


You were on level 3 of the Dungeon.
You visited 1 branch of the dungeon, and saw 3 of its levels.

You collected 140 gold pieces.

Inventory:

Hand Weapons
 a - a +2 dagger
 o - a +0 rapier (weapon)
Missiles
 d - 10 poisoned darts (quivered)
 e - 2 curare-tipped darts
Armour
 c - a +0 cloak (worn)
 h - a +0 ring mail (worn)
Jewellery
 n - a +6 ring of strength (left hand)
Scrolls
 b - a scroll of magic mapping {unknown}
 g - a scroll of blinking {unknown}
 i - 2 scrolls of fog {unknown}
 k - a scroll of torment {unknown}
 l - a scroll of identify {unknown}
 m - a scroll of teleportation {unknown}
 p - a scroll of immolation {unknown}
Potions
 f - a potion of lignification {unknown}
 j - a potion of berserk rage {unknown}
 q - a potion of heal wounds {unknown}


   Skills:
 + Level 2.3 Fighting
 + Level 3.4 Short Blades
 + Level 2.2 Throwing
 + Level 0.5 Armour
 + Level 1.5 Dodging
 + Level 7.0 Stealth
 * Level 1.5 Evocations


You had 3 spell levels left.
You didn't know any spells.
Your spell library was empty.

Dungeon Overview and Level Annotations

Branches:
Dungeon (3/15)

Altars:
Cheibriados
Qazlal

Shops:
D:1 =

Annotations:
D:2 1 runed translucent door, Crazy Yiuf


Innate Abilities, Weirdness & Mutations

You are small and have problems with some larger weapons.
You are completely attuned to the shadows.


Message History

You kill the orc!
d - 10 poisoned darts (gained 3)
Items here: ) [ ††.
There is a stone staircase leading down here.
d - 11 poisoned darts (gained 1)
There is a stone staircase leading down here.
Items here: ) [ ††.
You start resting.
HP restored.
There is a stone staircase leading down here.
There is an open door here.
Things that are here:
a +0 dagger; a +0 club
There is a stone staircase leading down here.
You climb downwards.
There is a stone staircase leading up here.
You see here a +0 trident.
You see here a +0 falchion.
The orc priest shouts!
You hit the orc but do no damage. The orc hits you but does no damage.
You hit the orc priest.
The orc priest is heavily wounded.
The orc priest completely misses you. The orc completely misses you.
You hit the orc priest but do no damage.
The orc priest is heavily wounded.
The orc priest misses you. The orc barely misses you.
You hit the orc priest but do no damage.
The orc priest is heavily wounded.
The orc priest calls down the wrath of Beogh upon you.
Beogh smites you! The orc hits you with a +0 dagger.
You are too injured to fight recklessly!
The orc priest looks encouraged for a moment.
Throw: 11 darts (poison)
Press: ? - help, Q - select action, (/) - cycle Shift-Dir - straight line, f - orc
Aim: an orc, wielding a +0 dagger and wearing a +0 chain mail (69% to hit)
You throw a poisoned dart. The poisoned dart hits the orc.
The orc is poisoned.
Unknown command.
The orc priest calls down the wrath of Beogh upon you.
Beogh smites you!
You die...

..........# #.....# #.# #...
###.......# #.....# ##.# #.##
#.......# #.....# #..# #.#
##.....## ##.....# #.####.##
#.......# #......# #.###..##
#.......# #......######..##....
#.......###.#######............
##.......(o.#######.##......###
##.......##o.@............##
##......##.##.<..##......#
#.......................#
#......############.....#
#......# #.....# #......#
#.....# ######## #.(...#
#.....# #.....#


You could see an orc priest and an orc (poisoned).

Vanquished Creatures
  Jessica (D:2)
  An adder (D:2)
  A worm (D:2)
  A dart slug (D:2)
  2 orcs
  7 bats
  4 endoplasms
  2 giant cockroaches (D:1)
  5 hobgoblins
  4 kobolds
  A quokka (D:2)
  5 ball pythons
  3 frilled lizards
  7 goblins
  5 rats
49 creatures vanquished.

Notes
Turn   | Place    | Note
-------+----------+-------------------------------------------
     0 | D:1      | cbfl8 the Kobold Brigand began the quest for the Orb.
     0 | D:1      | Reached XP level 1. HP: 12/12 MP: 1/1
   308 | D:1      | Reached XP level 2. HP: 14/17 MP: 2/2
   383 | D:1      | Reached skill level 6 in Stealth
   564 | D:1      | Found Boheufon's Jewellery Shop.
   689 | D:1      | Found a faded altar of an unknown god.
   805 | D:1      | Reached XP level 3. HP: 21/21 MP: 3/3
  1106 | D:2      | You fall into a shaft and drop 1 floor!
  1395 | D:2      | Reached skill level 1 in Evocations
  1397 | D:2      | Reached XP level 4. HP: 18/26 MP: 4/4
  1769 | D:2      | Noticed Jessica
  1773 | D:2      | Killed Jessica
  1788 | D:2      | Found a runed translucent door.
  1791 | D:2      | Noticed Crazy Yiuf
  2259 | D:3      | Found a snail-covered altar of Cheibriados.
  2423 | D:3      | Reached skill level 7 in Stealth
  2630 | D:3      | Found a stormy altar of Qazlal.
  3047 | D:3      | Killed from afar by an orc priest

Illustrated notes

Levels and vault maps discovered:
D:1:      scummos_arrival_checkerplants, layout_rooms,
          shapermc_ecumenical_altar_mp_highgroup, serial_shops,
          nicolae_shop_trees
D:2:      layout_basic, hangedman_decor_growths, uniq_crazy_yiuf_cottage,
          uniq_jessica
D:3:      layout_rooms, grunt_temple_overflow_open, minivault_5

Skill      XL: |  1  2  3  4 |
---------------+-------------+-----
Stealth        | 6 7 |  7.0
Short Blades   | 3 |  3.4
Evocations     | 1 |  1.5
Fighting       | |  2.3
Throwing       | |  2.2
Armour         | |  0.5
Dodging        | |  1.5

Action                   |  1- 3 |  4- 6 || total
-------------------------+-------+-------++-------
Melee: Dagger            |   129 |    20 ||   149
       Rapier            |       |    29 ||    29
       Short sword       |       |     1 ||     1
Throw: Dart              |       |     7 ||     7
 Stab: Sleeping          |    12 |     6 ||    18
       Distracted        |     1 |       ||     1
Armor: Ring mail         |    38 |    13 ||    51
Dodge: Dodged            |    70 |    44 ||   114
